AoeStats
← Dark Woinic

Arena

507437725Analyzed
1v1 RM · 13d ago on Sep 18, 2026· 23m 42s· 2 players
Game mode
Random Map
Map size
Tiny (2 player)
Population
200
Speed
Normal
Resources
Standard
Victory
Conquest
Starting age
Dark Age
Ending age
Imperial Age
RankedLock teamsTeams togetherTeam positionsShared explorationLock speedFull tech treeHidden civsTurbo modeCheats
Victory
Defeat
🇫🇷 Armenians · France
977
+15
🇹🇼 Britons · Taiwan
951
-15
小旋風
11:24 Feudal Age
15:19 Castle Age
13:08 Horse Collar
13:13 Double-Bit Axe
19:05 Bow Saw
19:38 Heavy Plow
21:55 Wheelbarrow
Dark Woinic
10:57 Feudal Age
15:49 Castle Age
15:24 Loom
16:08 Man-at-Arms
16:44 Double-Bit Axe
17:07 Long Swordsman
17:52 Two-Handed Swordsman
20:26 Gambesons
21:01 Scale Mail Armor
23:07 Chain Mail Armor
23:41 Squires
Connection lost

Rejoining the realm…

Still unreachable

The connection could not be restored.

Session expired

The server has moved on; the page needs a fresh start.